[Event "1st Chessable Sunway Formentera 2022"]
[Site "Formentera Punta Prima"]
[Date "2022.05.02"]
[Round "4"]
[White "Eugene, Floryan"]
[Black "Tsatsalashvili, Keti"]
[Result "1/2-1/2"]
[ECO "D42"]
[WhiteElo "2370"]
[BlackElo "2331"]
[Annotator "TA"]
[PlyCount "82"]
[EventDate "2022.05.05"]
[EventType "swiss"]
[EventCountry "ESP"]
[SourceTitle "playchess.com"]
[Source "ChessBase"]
[SourceQuality "1"]
[TimeControl "40/5400+30:1800+30"]

1. e4 c6 2. d4 d5 3. exd5 cxd5 4. c4 Nf6 5. Nc3 e6 6. Nf3 Be7 7. cxd5 Nxd5 8. Bd3 Nc6 9. O-O O-O 10. Re1 Re8 11. Ne5 {[%emt 0:16:41] D42: Queen's Gambit Declined: Semi-Tarrasch: 5 cxd5 Nxd5 6 e3 Nc6 7 Bd3 .} Nxe5 12. dxe5 Nxc3 13. bxc3 Qc7 {[%emt 0:00:46] [#]} 14. Bf4 $146 ({Predecessor:} 14. Re3 g6 15. h4 Bc5 16. Re1 Rd8 17. Bg5 Be7 18. Qf3 Bxg5 19. hxg5 Qxc3 {0-1 (59) Khandelwal,A (1964)-Martinovic,S (2139) Herceg Novi 2005}) 14... Bd7 15. h4 Red8 16. Qg4 (16. Qh5 g6 17. Qh6 Qxc3 $17) (16. Re3 $11 {remains equal.}) 16... Qxc3 $17 17. Be4 Bc6 $1 18. Bh6 g6 19. Bxc6 bxc6 20. Rac1 Qd4 21. Re4 Qd5 22. Rce1 (22. Rec4 $15) 22... Rab8 (22... Qxa2 $142 {Strongly threatening ...a5.} 23. Rc1 c5) 23. h5 Rb2 24. Bg5 $1 Qc5 $36 {[%mdl 2048] And now ...Bxg5 would win. Black has the initiative.} 25. Rf4 Rdb8 (25... Rd5 $17 26. Bxe7 Qxe7) 26. Ree4 (26. Bxe7 $15 Qxe7 27. Rc4) 26... Bxg5 (26... Rxa2 27. Rc4 Rb1+ 28. Kh2 Qxe5 29. Bxe7 Rxf2 30. hxg6 hxg6 31. Bf6 Rxf4 32. Qxf4 (32. Bxe5 Rxg4 33. Rxg4 Rb5 $11) 32... Qxf4+ 33. Rxf4 $16) 27. Qxg5 {[%emt 0:00:30] [#]} Rxf2 $1 (27... Rxa2 28. hxg6 fxg6 29. Rc4 $18) 28. Rxf2 (28. Rc4 $17 Qe3 29. Kh2 Rxf4 30. Rxf4) 28... Rb1+ $19 {[%mdl 64] Deflection} 29. Kh2 Qxf2 {[%mdl 4096] Endgame KQR-KQR} 30. h6 f6 ({Not} 30... Rd1 $2 31. Qe3 Qxe3 32. Rxe3 $17) (30... Qg1+ $19 {has better winning chances.} 31. Kg3 Rd1) 31. exf6 $17 {[%emt 0:00:30] [#] Black must now prevent Qe5.} Rb5 {Inhibits Qe5.} 32. Re5 (32. f7+ $17 {might work better.} Kxf7 33. Rf4+ Ke8 34. Qxg6+ hxg6 35. Rxf2 Rh5+ 36. Kg3) 32... Rxe5 $2 ({And not} 32... Qxa2 33. Rxb5 cxb5 34. Qxb5 $11) ({Better is} 32... Rb4 $19 {( -> ...Rh4+)} 33. Kh3 Kf7) 33. Qxe5 $19 {[%emt 0:00:30] KQ-KQ. The position is equal.} Kf7 (33... Qxa2 {is a self mate.} 34. Qc7) 34. Qc7+ Kxf6 35. Qxh7 Qh4+ 36. Kg1 Qe1+ 37. Kh2 Kg5 38. Qg7 Qh4+ 39. Kg1 {[%emt 0:00:10] Intending Qe7+ and mate.} Qe1+ 40. Kh2 Qh4+ 41. Kg1 {[%emt 0:30:25] aiming for Qe7+.} Qe1+ {Black had all chances to win.  Weighted Error Value: White=0.25 (precise) /Black=0.18 (very precise)} 1/2-1/2

[Event "1st Chessable Sunway Formentera 2022"]
[Site "Formentera Punta Prima"]
[Date "2022.05.02"]
[Round "4"]
[White "Chiku-Ratte, Olivier-Kenta"]
[Black "Vanduyfhuys, Daria"]
[Result "1-0"]
[ECO "D60"]
[WhiteElo "2358"]
[BlackElo "2063"]
[Annotator "TA"]
[PlyCount "103"]
[EventDate "2022.05.05"]
[EventType "swiss"]
[EventCountry "ESP"]
[SourceTitle "playchess.com"]
[Source "ChessBase"]
[SourceQuality "1"]
[TimeControl "40/5400+30:1800+30"]

1. d4 Nf6 2. c4 e6 3. Nf3 d5 4. Nc3 Be7 5. Bg5 O-O 6. e3 c6 7. Bd3 Nbd7 8. O-O dxc4 9. Bxc4 b5 10. Bd3 a6 11. e4 (11. Qc2 $14) 11... Bb7 {[%emt 0:15:18] D60: Queen's Gambit Declined: Classical: Unusual White 7th moves.} (11... c5 $5 ) 12. e5 $1 Nd5 {[%emt 0:00:26] Threatens to win with ...Nxc3.} 13. Bxe7 Qxe7 {[%emt 0:00:26] White is slightly better.} 14. Ne4 {[%emt 0:02:36] [#]} Nb4 $146 (14... c5 $11) ({Predecessor:} 14... N7b6 15. Nfg5 h6 16. Nh3 Rad8 17. Rc1 Nd7 18. Re1 Qh4 19. Nd6 Ba8 20. Re4 Qe7 {0-1 (64) Kir,K (1809)-Csefalvay,S (1769) Slovakia 2019}) 15. Nd6 $16 Rab8 16. Bb1 {[%emt 0:07:20] White is more active.} c5 17. dxc5 Bd5 18. Qd4 (18. Re1 $16) 18... Nc6 (18... Bxf3 $11 19. gxf3 Qg5+ 20. Kh1 Nd5) 19. Qg4 (19. Qe3 $14) 19... g6 $11 20. Qf4 $132 {[%emt 0:00:00][%mdl 2048] White is fighting back} Nxc5 21. Rc1 Nd7 {[%cal Bc5d7,Bd7f6,Bf6g4][%mdl 32] ...Bxf3 is the strong threat.} 22. Ne4 $1 {[%emt 0:00:00] aiming for Nf6+.} f6 23. exf6 Nxf6 24. Qe3 Ng4 25. Qg5 Qxg5 26. Nexg5 h6 {[#]} (26... Rf4 $11) 27. Nxe6 $1 $14 Rf6 {[#]} 28. Nc5 (28. h3 $1 $14) 28... Bxf3 $11 29. Nd7 Bd5 (29... Nd4 $11 30. Nxf6+ Nxf6 31. gxf3 Ne2+ 32. Kf1 Nxc1) 30. Nxf6+ $14 ({Much weaker is} 30. Nxb8 Rxf2 31. Rc2 (31. Nxc6 Rxg2+ 32. Kf1 Nxh2+ 33. Ke1 Nf3+ 34. Kf1 Rg1+ 35. Ke2 Rxc1 $11) 31... Rxc2 32. Bxc2 Nxb8 $11) 30... Nxf6 31. Bxg6 Kg7 32. Bd3 Kf7 33. f3 Ke6 34. Kf2 Kd6 35. Rd1 Kc5 36. Rac1+ Kb6 37. b3 Nb4 38. Bb1 Re8 ({Better is} 38... a5) 39. Rd4 $16 a5 40. Rf4 Re6 (40... Rf8 $142) 41. Rc8 (41. g4 $16) 41... Bc6 $14 42. Rd4 Nbd5 43. Rd2 Nc3 (43... h5 $16) 44. Bf5 $18 {[%emt 0:00:00] Chess con chili.} Re5 {[#]} (44... Re8) 45. Rd6 $1 {[%emt 0:00:00][%csl LRc6,LRf6] White is clearly winning.} Rxf5 46. Rdxc6+ Kb7 47. R8c7+ Kb8 48. Rxc3 Ne4+ 49. Ke3 Nxc3 50. Rxc3 Kb7 (50... Re5+ $142 51. Kf2 Rh5) 51. Ke4 Rg5 52. g4 {[%emt 0:00:00] Weighted Error Value: White=0.16 (very precise) /Black=0.39} 1-0

[Event "1st Chessable Sunway Formentera 2022"]
[Site "Formentera Punta Prima"]
[Date "2022.05.02"]
[Round "4"]
[White "Bergez, Luc"]
[Black "Chkhaidze, Nikoloz"]
[Result "1-0"]
[ECO "B40"]
[WhiteElo "2331"]
[BlackElo "2301"]
[Annotator "TA"]
[PlyCount "73"]
[EventDate "2022.05.05"]
[EventType "swiss"]
[EventCountry "ESP"]
[SourceTitle "playchess.com"]
[Source "ChessBase"]
[SourceQuality "1"]
[TimeControl "40/5400+30:1800+30"]

1. e4 c5 2. Nf3 e6 3. b3 b6 4. Bb2 Bb7 5. Nc3 Nc6 6. d4 cxd4 7. Nxd4 a6 {[%emt 0:09:10] Inhibits Ndb5. B40: Sicilian: 2...e6, Unusual lines.} 8. Nxc6 Bxc6 9. Bd3 {[%emt 0:00:41] [#]} b5 $146 {[%emt 0:02:59] The position is equal.} ({Predecessor:} 9... d6 10. Qe2 b5 11. a4 b4 12. Nd5 a5 13. Bb5 Ne7 14. Nxe7 Bxb5 15. Qxb5+ Kxe7 {1-0 (25) Tsydypov,Z (2553)-Papin,V (2481) Sochi 2019}) 10. Qe2 Qa5 11. O-O Ba3 {[%emt 0:03:16] [#]} (11... Nf6 $14) 12. Nxb5 $1 $16 Bxb2 13. Nd6+ Ke7 14. Nc4 Qc3 15. Rab1 Nf6 16. Nxb2 d5 {[%emt 0:00:32] Against Nc4} 17. e5 ({Reject} 17. Bxa6 $6 Nxe4 18. Nd1 Qd2 $11) 17... Nd7 18. f4 ({Don't play} 18. Bxa6 Rhb8 $14) 18... g5 19. fxg5 Qxe5 (19... Rag8 $16) 20. Qxe5 (20. Bxa6 $6 Qxe2 21. Bxe2 Rxa2 $11) (20. Qh5 $18) 20... Nxe5 21. Rbe1 Nxd3 22. Nxd3 ({Don't do} 22. cxd3 Rag8 $14) 22... Bb5 23. c4 dxc4 24. Ne5 {[%emt 0:00:00][%csl LRc4,LRf7] White is more active.} cxb3 $2 {[%emt 0:00:00] This costs Black the game.} (24... Be8 $16 {was necessary.}) 25. Rxf7+ $18 Kd6 26. axb3 Kc5 27. h4 Rad8 28. Rf4 {aiming for Nf7.} Rhf8 (28... Rd4 {is a better defense.} 29. Rxd4 Kxd4) 29. Nf7 Rde8 30. b4+ Kb6 31. Rf6 Bd7 32. h5 {White is clearly winning.} Rg8 (32... Re7 $142) 33. Re5 Rc8 34. g6 hxg6 35. h6 Rgf8 36. h7 Rce8 37. Rg5 {Weighted Error Value: White=0.08 (flawless) /Black=0.44} 1-0

[Event "1st Chessable Sunway Formentera 2022"]
[Site "Formentera Punta Prima"]
[Date "2022.05.02"]
[Round "4"]
[White "Garcia Martin, Marta"]
[Black "Park, Evan"]
[Result "1-0"]
[ECO "C55"]
[WhiteElo "2326"]
[BlackElo "2431"]
[Annotator "TA"]
[PlyCount "73"]
[EventDate "2022.05.05"]
[EventType "swiss"]
[EventCountry "ESP"]
[SourceTitle "playchess.com"]
[Source "ChessBase"]
[SourceQuality "1"]
[TimeControl "40/5400+30:1800+30"]

1. e4 e5 2. Nf3 Nc6 3. Bc4 Nf6 4. d3 h6 5. O-O d6 6. a4 g5 {[%emt 0:01:50] C55: Two Knights: 4 d3, 4 d4 exd4 5 e5 and Max Lange Attack.} 7. Nc3 Bg7 8. a5 a6 {[%emt 0:01:54] The position is equal.} 9. d4 Bg4 10. dxe5 Nxe5 11. Be2 Bxf3 12. Bxf3 {[%emt 0:02:47] [#]} O-O $146 ({Predecessor:} 12... Nxf3+ 13. Qxf3 Qe7 14. e5 dxe5 15. Qxb7 O-O 16. Re1 Qd6 17. Ne4 Nxe4 18. Qxe4 Rab8 {1-0 (56) Levitan,R (2068)-Janzelj,L (2150) Terme Catez 2021}) 13. Be2 Re8 14. Re1 Qd7 15. Be3 Rad8 16. Ra4 Nc6 17. h4 Re5 18. hxg5 (18. Qd2 $5 ) 18... hxg5 19. Qd2 g4 20. Bg5 Rc5 $2 (20... Ne7 $14) 21. Bxf6 Bxf6 22. Nd5 Be7 23. b4 Rxd5 24. Qxd5 {[%emt 0:02:02] Ra3 is the strong threat.} Ne5 25. Raa1 Kg7 26. g3 $1 ({Weaker is} 26. Qxb7 Qe6 27. Ra3 (27. Bxa6 Qh6 $11) (27. Qxa6 $2 Rh8 $19) 27... Rh8 28. Bxg4 (28. Qxa6 $2 Qh6 $19) 28... Nxg4 $14) 26... c6 27. Qb3 ({White should try} 27. Qd4) 27... f5 (27... Bg5 $16 {keeps fighting.}) 28. Qe3 $1 $18 Bf6 29. Rad1 Qf7 {[%emt 0:03:02] [#]} (29... d5 $142 30. exd5 cxd5) 30. Kg2 $1 ({And not} 30. exf5 Qh5 31. Qb6 Rh8 32. Qxb7+ Kf8 33. Qc8+ Kg7 34. Qc7+ Kg8 35. Qb8+ Kg7 36. Qc7+ Kg8 37. Qc8+ Kg7 38. Qc7+ $11) 30... Qg6 {[%emt 0:00:05] [#]} 31. exf5 Qxf5 32. Rh1 Bg5 33. Qd4 {[%emt 0:00:18] Black must now prevent Rh5.} c5 $2 (33... Kg6 34. Rde1 Bf6) 34. bxc5 {[%emt 0:00:28] White is clearly winning.} dxc5 {[%emt 0:00:01] [#]} 35. Bxg4 $1 {[%emt 0:00:31][%mdl 512] aiming for Rh7+.} Qf6 (35... Rxd4 36. Bxf5) 36. Qxd8 Qc6+ (36... Qxd8 $142 37. Rxd8 Bxd8) 37. Qd5 {[%emt 0:00:04] Weighted Error Value: White=0.15 (very precise) /Black=0.44} 1-0

[Event "1st Chessable Sunway Formentera 2022"]
[Site "Formentera Punta Prima"]
[Date "2022.05.02"]
[Round "4"]
[White "Mouhamad, Joachim"]
[Black "Cuenca Jimenez, Jose Fernando"]
[Result "0-1"]
[ECO "B32"]
[WhiteElo "2290"]
[BlackElo "2551"]
[Annotator "TA"]
[PlyCount "84"]
[EventDate "2022.05.05"]
[EventType "swiss"]
[EventCountry "ESP"]
[SourceTitle "playchess.com"]
[Source "ChessBase"]
[SourceQuality "1"]
[TimeControl "40/5400+30:1800+30"]

1. e4 c5 2. Nf3 Nc6 3. d4 cxd4 4. Nxd4 e5 5. Nb5 d6 6. N1c3 a6 7. Na3 Be7 8. Nc4 b5 {[%emt 0:00:29] B32: Sicilian: Löwenthal and Kalashnikov Variations.} 9. Ne3 Nf6 10. Bd3 O-O {[%emt 0:00:31] White has an edge.} 11. O-O Nb4 12. Be2 Be6 13. Ncd5 Nbxd5 14. exd5 Bd7 {[%emt 0:18:03] [#]} 15. c4 $146 ({Predecessor:} 15. f4 Ne4 16. Bf3 exf4 17. Bxe4 fxe3 18. Bxe3 Bf6 19. Bd4 Bxd4+ 20. Qxd4 Rc8 21. Bd3 {½-½ (61) Fluvia Poyatos,J (2473)-Munoz Pantoja,M (2479) Catalunya 2013}) 15... Qb6 16. cxb5 axb5 17. Qd3 g6 18. b3 (18. a3 $15) 18... Ne8 (18... Rfc8 $17 {Hoping for ...Qd4.} 19. Bb2 Ne8) 19. Nc2 $11 {[%emt 0:02:49] Against Qd4} f5 20. Be3 Qb7 21. Nb4 Nc7 22. f4 Bf6 23. Rac1 Rfe8 (23... exf4 {is more complex.} 24. Bxf4 Na6 25. Nc6 Nc5) 24. Rfd1 ({Better is} 24. fxe5 $14 Bxe5 25. Kh1) 24... exf4 $15 25. Bxf4 Qb6+ 26. Kf1 Re4 (26... Bh4 27. Qd4 Qxd4 28. Rxd4 $16) 27. Bd2 (27. Qd2 $1 $11 {was the only way to keep the balance.}) 27... Be5 $17 {[%emt 0:02:13] 0x0.002ddf90e647dp-1022s more active pieces.} (27... Bh4 28. g3 f4 29. Kg2 (29. gxh4 Rae8 $19)) 28. Qh3 (28. Be1 $17 {was called for.}) 28... Bf4 $40 {[%emt 0:00:05][%mdl 128] Black attacks with force.} 29. Nd3 $2 (29. Qc3 $17 {was necessary.} Na6 30. Nxa6 Bxh2 31. Nc5 dxc5 32. Qxc5 Qxc5 33. Rxc5) 29... Bxd2 ({Weaker is} 29... Rxa2 30. Nxf4 (30. Rxc7 $2 Qxc7 31. Nxf4 Rxd2 $19) 30... Rxd2 31. Rxd2 $17) 30. Rxd2 Nxd5 31. Nc5 $2 (31. Nf2 Rd4 32. Rxd4 Qxd4 33. Qd3 Qxd3 34. Nxd3) 31... dxc5 $2 (31... Ne3+ 32. Kf2 {[#]} Rae8 $1) 32. Rxd5 $19 Qe6 33. Rd2 Bc6 {[%emt 0:00:30] [#] aiming for ...Re8.} 34. Qg3 (34. Bf3 $17 Re5 35. Bxc6 Qxc6 36. Rcd1) 34... f4 35. Qg5 (35. Qf2 $17 {is tougher.}) 35... Re8 36. Rcc2 Re5 37. Qh4 Re3 (37... Qf5 $142 38. Qh3 f3 39. Qxf5 fxe2+ 40. Rxe2 Rxf5+ 41. Rf2 Rfe5) 38. Qf2 (38. Kg1) 38... Qe5 {[%emt 0:00:13] ...Qf5 is the strong threat. Black is clearly winning.} 39. Kg1 Qg5 40. Bf1 (40. h4 $142 Qe5 41. a4) 40... f3 {[%emt 0:00:00] Threatens to win with ...fxg2.} 41. g3 Qe5 {[%emt 0:06:45] Against Rd6} 42. Rc1 Qe4 {[%emt 0:03:56] Weighted Error Value: White=0.65/Black=0.32} 0-1

[Event "1st Chessable Sunway Formentera 2022"]
[Site "Formentera Punta Prima"]
[Date "2022.05.02"]
[Round "4"]
[White "Soham Das"]
[Black "Bernard, Jacques"]
[Result "1-0"]
[ECO "D02"]
[WhiteElo "2266"]
[BlackElo "2122"]
[Annotator "TA"]
[PlyCount "57"]
[EventDate "2022.05.05"]
[EventType "swiss"]
[EventCountry "ESP"]
[SourceTitle "playchess.com"]
[Source "ChessBase"]
[SourceQuality "1"]
[TimeControl "40/5400+30:1800+30"]

1. d4 d5 2. Nc3 Nf6 3. Bf4 e6 4. e3 a6 5. Nf3 c5 6. Be2 Nc6 7. O-O {[%emt 0:00:00] D02: 1 d4 d5 2 Nf3 sidelines, including 2...Nf6 3 g3 and 2...Nf6 3 Bf4.} Bd6 8. Bxd6 Qxd6 9. Na4 {[%emt 0:02:49][%cal Bc3a4,Ba4c5,Bc5d3,Bd3e5][%mdl 32] The position is equal.} cxd4 10. exd4 O-O {[%emt 0:00:00] [#]} 11. Nc5 $146 ({Predecessor:} 11. c3 Ne4 12. Nd2 f5 13. f3 Nf6 14. Nb3 Bd7 15. Nac5 Qc7 16. Re1 Rae8 17. Bf1 {0-1 (66) Gorozhanin,M (2435)-Tari,A (2599) Chess.com INT 2018}) 11... b6 12. Nd3 a5 13. a4 Ba6 14. c3 Bc4 15. Re1 b5 (15... Rfb8 {seems wilder.} 16. Nde5 b5 17. Ng5 Nxe5 18. dxe5 Qxe5 19. Nxf7 Qc7) 16. Nde5 Bxe2 (16... Rfb8 {looks sharper.} 17. Ng5 Nxe5 18. dxe5 Qxe5 19. Nxf7 Qc7) 17. Qxe2 b4 18. Nxc6 Qxc6 19. cxb4 axb4 20. Rec1 Qb6 21. Qb5 Qxb5 22. axb5 {[%cal Ba4b5,Bb5b6,Bb6a7][%mdl 32] [#] Black must now prevent Rxa8.} Rab8 23. Ra5 Ne4 24. Ne5 {Strongly threatening Nd7.} Rb7 {Prevents Nd7.} (24... Nd2 $1 $11 25. Rc7 Nb3) 25. Rc6 $36 {[%mdl 2048] Hoping for b6. White has some pressure.} Nd2 $2 {Loses the game.} ({Better is} 25... Rfb8 $1 $14) 26. b6 $18 {[#] Threatens to win with Ra7.} Nb3 $2 (26... Nc4 27. Nxc4 dxc4) 27. Ra7 {White is clearly winning.} Rxa7 28. bxa7 Nxd4 29. Rb6 {Weighted Error Value: White=0.03 (flawless) /Black=0.33} 1-0

[Event "1st Chessable Sunway Formentera 2022"]
[Site "Formentera Punta Prima"]
[Date "2022.05.02"]
[Round "4"]
[White "Real, Thibault"]
[Black "Vrolijk, Liam"]
[Result "0-1"]
[ECO "B51"]
[WhiteElo "2262"]
[BlackElo "2467"]
[Annotator "TA"]
[PlyCount "74"]
[EventDate "2022.05.05"]
[EventType "swiss"]
[EventCountry "ESP"]
[SourceTitle "playchess.com"]
[Source "ChessBase"]
[SourceQuality "1"]
[TimeControl "40/5400+30:1800+30"]

1. e4 c5 2. Nf3 d6 3. Bb5+ Nd7 4. c3 Ngf6 5. Qe2 a6 6. Ba4 b5 7. Bc2 e5 8. a4 {[%emt 0:01:46] B51: Sicilian: Moscow Variation (3 Bb5+) without 3...Bd7.} Rb8 9. d4 Be7 10. O-O {[%emt 0:00:46] White is slightly better.} O-O 11. Na3 Qb6 12. Rd1 Re8 {[%emt 0:01:19] [#]} 13. h3 $146 ({Predecessor:} 13. b3 exd4 14. cxd4 cxd4 15. axb5 axb5 16. Nxd4 d5 17. Naxb5 Ba6 18. Bd3 Nc5 19. Rxa6 Nxa6 {0-1 (32) Cisler,P (2181)-Vavruska,D (2227) Czech Republic 2017}) 13... Bf8 14. dxe5 dxe5 15. Be3 Qc6 16. axb5 axb5 17. c4 b4 18. Nb5 Bb7 19. Nd2 Ra8 20. Rxa8 Rxa8 21. Nf3 Be7 22. g4 (22. Bg5 $11) 22... h5 $15 23. gxh5 (23. g5 Nxe4 24. Rd5 (24. Bxe4 $2 Qxe4 25. Rxd7 Qxf3 $19) 24... Nd6 25. Nxd6 Ra1+ 26. Kg2 Bxd6) 23... Nxh5 24. Nh4 Nhf6 ({Black should play} 24... Nf4 $17 25. Bxf4 exf4) 25. Nf5 $11 Bf8 26. f3 Nb6 $2 {[#]} (26... Ne8 $15 {stays ahead.}) 27. Qg2 $2 (27. Rd6 $1 $16 {[%cal Rd6c6][%mdl 512] is forced if you want to stay better.} Bxd6 28. Nbxd6) 27... Nxc4 $19 28. Bh6 Nh5 (28... Ne8 $19 {has better winning chances.} 29. Nbd6 Ncxd6 30. Rxd6 Qc7) 29. Bxg7 Nxg7 30. Rd6 $2 (30. Bb3 Qxb5 31. Qg5) 30... Nxd6 31. Nbxd6 Bc8 32. Nh6+ Kh7 33. Nhf5 Bxf5 34. exf5 Qxd6 35. f6+ Kg8 {( -> ...Ra1+)} 36. Qg5 Qd4+ 37. Kg2 {[%emt 0:00:00] [#]} Ra1 $1 {Weighted Error Value: White=1.21/Black=0.38} 0-1

[Event "1st Chessable Sunway Formentera 2022"]
[Site "Formentera Punta Prima"]
[Date "2022.05.02"]
[Round "4"]
[White "Neiman, Emmanuel"]
[Black "Alinasab, Mobina"]
[Result "1/2-1/2"]
[ECO "C00"]
[WhiteElo "2248"]
[BlackElo "2373"]
[Annotator "TA"]
[PlyCount "96"]
[EventDate "2022.05.05"]
[EventType "swiss"]
[EventCountry "ESP"]
[SourceTitle "playchess.com"]
[Source "ChessBase"]
[SourceQuality "1"]
[TimeControl "40/5400+30:1800+30"]

1. g3 Nf6 2. Bg2 e6 3. Nf3 d5 4. O-O c5 5. d3 Nc6 6. Nbd2 b6 7. e4 Bb7 8. Re1 Qc7 9. c3 Be7 10. a3 O-O-O (10... dxe4 $11 11. dxe4 e5) 11. e5 {[%emt 0:00:00] C00: French: Unusual White 2nd moves.} (11. exd5 $16 Nxd5 12. Nc4) 11... Nd7 $1 $11 12. d4 g5 13. Nf1 Rdg8 14. Be3 {[%emt 0:00:00] [#]} c4 $146 (14... h5 {is more complex.} 15. b4 h4 16. g4 h3) ({Predecessor:} 14... Kb8 15. b4 c4 16. a4 h5 17. b5 Na5 18. h3 g4 19. N3h2 gxh3 20. Bxh3 h4 21. g4 f5 22. f4 Nf8 23. g5 Ng6 24. Nf3 Rh7 {½-½ (24) Romanov,A-Melnikov,S Bulgaria 2000}) 15. N3d2 Na5 (15... Kb8 $11) 16. Qh5 Rg7 17. f4 gxf4 18. Bxf4 Qd8 19. Ne3 h6 20. Re2 (20. Bxh6 $2 Rg6 21. Qf3 Rgxh6 $19) 20... Nf8 21. Ng4 (21. Bxh6 $2 Rg5 $1 22. Qxf7 Rxh6 $19) 21... Ng6 22. Be3 (22. Bxh6 Rgh7 $11) 22... Bg5 23. Rf1 Ne7 24. Nf6 (24. Rxf7 $6 Qe8 25. Ref2 Nf5 26. Bxg5 (26. R2xf5 exf5 27. Bxg5 Rxg5 $11) 26... hxg5 27. R2xf5 Rxh5 $14) 24... Nf5 {[%emt 0:03:29] [#]} (24... Rg6 $16 {keeps fighting.}) 25. Bf4 ({But not} 25. Bxg5 $6 hxg5 26. Qf3 Bc6 $16) (25. Rxf5 $1 $18 exf5 26. Qh3) 25... Nc6 26. Bxg5 hxg5 27. Qf3 Kb8 28. h3 Nce7 29. Qf2 Ng8 30. g4 Nh4 31. Qe3 (31. Qg3 $14) 31... Ne7 {[%emt 0:00:00] [#]} (31... Nxf6 $11 32. Rxf6 Nxg2 33. Rxg2 Qg8) 32. Nf3 $1 $16 {White is more active.} Nxf3+ 33. Rxf3 (33. Qxf3 Nc6 $16) 33... Bc6 34. Nh5 Rxh5 35. gxh5 {aiming for h6.} Qh8 36. h6 (36. Rf1 $16) 36... Qxh6 $11 37. h4 Qxh4 (37... Nf5 $11 {keeps the balance.} 38. hxg5 Qh5 39. Rxf5 exf5) 38. Rh3 $16 Qg4 {[%emt 0:00:37] [#]} 39. Rh8+ ({Don't do} 39. Qf3 Qf5 $11) (39. Rf2 $1 $16) 39... Kb7 40. Qf3 {The board is on fire.} Qxf3 41. Bxf3 {Strongly threatening Bh5.} Ng6 $1 ({Weaker is} 41... g4 42. Rg2 $16) 42. Rh6 (42. Rh1 $1 $14) 42... g4 $1 $11 43. Bg2 (43. Bxg4 $2 Nf4 44. Kf2 Rxg4 $17) 43... Nf4 44. Rd2 Ba4 45. Rf6 {[%mdl 1024] White has compensation.} Nh5 46. Rh6 Nf4 47. Rf6 Nh5 48. Rh6 Nf4 {[%emt 0:00:00] Weighted Error Value: White=0.18 (very precise) /Black=0.21 (precise)} 1/2-1/2

[Event "1st Chessable Sunway Formentera 2022"]
[Site "Formentera Punta Prima"]
[Date "2022.05.02"]
[Round "4"]
[White "Lever, Erwan"]
[Black "Buiza Prieto, Eihartze"]
[Result "1/2-1/2"]
[ECO "E90"]
[WhiteElo "2209"]
[BlackElo "2044"]
[Annotator "TA"]
[PlyCount "145"]
[EventDate "2022.05.05"]
[EventType "swiss"]
[EventCountry "ESP"]
[SourceTitle "playchess.com"]
[Source "ChessBase"]
[SourceQuality "1"]
[TimeControl "40/5400+30:1800+30"]

1. d4 c5 2. d5 Nf6 3. c4 g6 4. Nc3 Bg7 5. e4 d6 6. h3 O-O 7. Nf3 Na6 8. Bd3 Nc7 9. O-O a6 10. a4 {[%emt 0:00:06] E90: King's Indian: Classical: Early deviations and 6 h3.} e6 11. Bf4 (11. a5 $16) 11... e5 12. Bg5 {[%emt 0:00:31] White is slightly better.} h6 {[%emt 0:00:46] [#]} 13. Bxf6 $146 (13. Be3 $16) ({Predecessor:} 13. Be3 Kh8 14. a5 Ng8 15. b4 cxb4 16. Na4 f5 17. c5 fxe4 18. Bxe4 Bf5 19. Bxf5 gxf5 20. cxd6 {1-0 (43) Khomeriki,N (2315)-Chkhaidze,N (2333) Tbilisi 2019}) 13... Qxf6 $11 14. a5 Bd7 (14... Rb8 $1 $11) 15. Rb1 Qd8 16. b4 {[%emt 0:01:23] Strongly threatening bxc5.} Ne8 17. bxc5 dxc5 18. Rb6 Qb8 19. Na4 {[%emt 0:08:32] 0x0.001d361fc54edp-1022s more active pieces. The black rooks are badly placed.} Qc7 20. Bc2 {[%emt 0:04:03] d6 is the strong threat.} Nd6 21. Qd3 Rfd8 22. Rfb1 Bxa4 23. Bxa4 Ra7 24. Bc2 Raa8 25. g4 (25. g3 $16) 25... Qe7 26. Qe2 Rac8 27. Bd3 Rc7 28. Qe3 Qf6 29. Ne1 Qg5 30. Ng2 Qxe3 31. Nxe3 Bf6 32. Ng2 Rcd7 33. h4 Re8 34. R6b3 Bd8 35. Ra1 Kg7 36. f3 Rf8 37. f4 (37. Kf1 $11) 37... Re8 38. f5 gxf5 39. gxf5 Rg8 40. Kf2 Kf8 41. Kf3 {[%emt 0:08:07] [#] Against Rg4} ({White should try} 41. h5 $1 $15) 41... f6 $1 $19 42. Ne1 (42. Ne3 $17) 42... Rg1 43. Rba3 Rdg7 {[%emt 0:00:15] Prevents Ng2.} 44. Ke3 R1g3+ 45. Nf3 R7g4 46. h5 Rh3 {[%emt 0:00:37] Against Rh1} 47. R3a2 (47. Rf1 $142) 47... Rxh5 {[%emt 0:00:19] Hoping for ...Rf4.} 48. Rg1 Rxg1 49. Nxg1 Rh1 50. Nf3 Kf7 51. Nd2 Rh2 52. Ra1 Rh3+ 53. Ke2 h5 54. Nb3 $1 {[%emt 0:00:20] [#]} Nxe4 $1 55. Bxe4 Rxb3 $17 {[%emt 0:00:07][%mdl 4096] Endgame KRB-KRB} 56. d6 Ke8 57. Bd5 (57. Rh1 $142) 57... Kd7 58. Rd1 Kxd6 (58... Rb2+ $19 59. Ke3 Bxa5 60. Be6+ Kc6) 59. Bxb7+ Ke7 60. Bxa6 (60. Bc6 $17 {was called for.} Bxa5 61. Rd7+ Kf8 62. Bd5) 60... Bxa5 $19 61. Rh1 Kd6 {[%emt 0:02:51] White must now prevent ...e4.} 62. Rd1+ {[%emt 0:00:57] [#]} Ke7 (62... Kc7 $1 $17 63. Bb5 h4 64. Rd7+ Kc8) 63. Rh1 $1 Kf7 (63... Rb2+ $19 64. Kf3 Kd6 65. Rxh5 Rb3+ 66. Kg4 Rb1) 64. Rxh5 $15 Kg7 65. Bb5 Bb4 66. Be8 Rc3 67. Rh4 Kf8 68. Bb5 Rg3 69. Rh7 Rg5 70. Bd7 $1 {[%emt 0:00:35] The position is equal.} Rg7 (70... Kg8 $5 71. Re7 Kf8 72. Re8+ Kf7 $11) 71. Rxg7 Kxg7 72. Kf3 Kh6 73. Ke4 {[%emt 0:00:08] Black had all chances to win.  Weighted Error Value: White=0.20 (precise) /Black=0.11 (very precise)} 1/2-1/2